 Dungeon Crawl Stone Soup version 0.18.1-8-gdd0e5ea (webtiles) character file.

401 Shearov the Covert (level 6, -4/46 HPs)
             Began as a Vampire Assassin on June 1, 2016.
             Was a Follower of Makhleb.
             Slain by an iguana (9 damage)
             ... on level 4 of the Dungeon.
             The game lasted 00:10:50 (4105 turns).

Shearov the Covert (Vampire Assassin)               Turns: 4105, Time: 00:10:50

Health: -4/46      AC:  4    Str: 11    XL:     6   Next: 54%
Magic:  6/6        EV: 13    Int: 14    God:    Makhleb [*.....]
Gold:   165        SH:  0    Dex: 16    Spells: 0 memorised, 5 levels left

rFire  . . .     SeeInvis +     a - +2 dagger
rCold  + . .     Gourm    .     h - +0 leather armour {MR+}
rNeg   + + .     Faith    .     (no shield)
rPois  +         Spirit   .     (no helmet)
rElec  .         Dismiss  .     d - +0 cloak
rCorr  .         Reflect  .     (no gloves)
SustAt .         Harm     .     (no boots)
MR     +....                    (no amulet)
Stlth  +++++.....               (no ring)
                                (no ring)

@: regenerating slowly, somewhat resistant to hostile enchantments, quite
stealthy
A: fangs 3, see invisible, unbreathing
a: Bat Form, Renounce Religion


You were on level 4 of the Dungeon.
You worshipped Makhleb.
Makhleb was aware of your devotion.
You were thirsty.

You visited 1 branch of the dungeon, and saw 4 of its levels.

You collected 165 gold pieces.

Inventory:

Hand Weapons
 a - a +2 dagger (weapon)
 b - a +0 blowgun
Missiles
 e - 43 poisoned needles
 f - 2 curare-tipped needles
Armour
 c - a +0 robe
 d - a +0 cloak (worn)
 h - a +0 leather armour of magic resistance (worn)
Jewellery
 o - an uncursed ring of magical power
Scrolls
 g - a scroll of recharging {unknown}
 j - 4 scrolls of remove curse
 n - 4 scrolls of identify


   Skills:
 + Level 2.5 Fighting
 * Level 4.0 Short Blades
 + Level 1.7 Throwing
 + Level 3.6 Dodging
 * Level 9.1 Stealth


You had 5 spell levels left.
You didn't know any spells.

Dungeon Overview and Level Annotations

Branches:
Dungeon (4/15)
 Temple: D:4-7

Altars:
Ashenzari
Cheibriados
Elyvilon
Makhleb


Innate Abilities, Weirdness & Mutations

You heal slowly.
You have razor-sharp teeth.
You have supernaturally acute eyesight.
You can survive without breathing.


Message History

You feel your dexterity returning. The orc barely misses you.
You barely miss the iguana. The orc hits you but does no damage.
The iguana bites you!
* * * LOW HITPOINT WARNING * * *
The orc hits you but does no damage.
You barely miss the orc. The orc barely misses you.
You hit the orc. You bite the orc.
You draw the orc's blood!
You feel better.
You feel slightly less thirsty.
You kill the orc!
Makhleb accepts your kill. The iguana bites you.
* * * LOW HITPOINT WARNING * * *
You see here a short sword.
You completely miss the iguana. Your bite misses the iguana.
The iguana bites you.
* * * LOW HITPOINT WARNING * * *
You barely miss the iguana. The iguana barely misses you.
You hit the iguana but do no damage. The iguana bites you!
You die...

.....# #.#..# #.#
####.#####.#..# #.#
...........#..####.##
####.#######.........
####.#######.#####.##
..........##># #.#
.....####.##.## #)#
####.# #.#...####.#
#.# #.......@l.# #.#
##.....###### #†#
#.....## ##.###.>...#
#...##.....#
#.#.......##
#...####.## ##### #.#
#.#


You could see an iguana.

Vanquished Creatures
  A sky beast (D:4)
  A howler monkey (D:4)
  A crimson imp (D:3)
  An orc wizard (D:3)
  An orc priest (D:4)
  5 adders
  3 gnolls
  An ooze (D:2)
  An adder skeleton (D:4)
  A worm (D:3)
  5 giant geckos
  8 orcs
  2 bats
  4 giant cockroaches
  9 hobgoblins
  15 jackals
  5 kobolds
  2 quokkas
  2 ball pythons
  2 giant newts
  3 goblins
  6 rats
79 creatures vanquished.

Notes
Turn   | Place    | Note
--------------------------------------------------------------
     0 | D:1      | Shearov the Vampire Assassin began the quest for the Orb.
     0 | D:1      | Reached XP level 1. HP: 16/16 MP: 1/1
    23 | D:1      | Reached skill level 6 in Stealth
    91 | D:1      | Reached XP level 2. HP: 22/22 MP: 2/2
   541 | D:1      | Reached skill level 7 in Stealth
   783 | D:2      | Reached XP level 3. HP: 27/27 MP: 3/3
   821 | D:2      | Found a white marble altar of Elyvilon.
  1118 | D:2      | Reached XP level 4. HP: 20/33 MP: 4/4
  1930 | D:3      | Found a faded altar to an unknown god.
  1964 | D:2      | Reached skill level 8 in Stealth
  2710 | D:3      | Found a shattered altar of Ashenzari.
  2723 | D:3      | Found a snail-covered altar of Cheibriados.
  2734 | D:3      | Found a burning altar of Makhleb.
  2741 | D:3      | Became a worshipper of Makhleb the Destroyer
  2812 | D:3      | Reached XP level 5. HP: 30/38 MP: 5/5
  3903 | D:4      | Noticed a phantom
  3956 | D:4      | Noticed a sky beast
  3965 | D:4      | Killed a sky beast
  3965 | D:4      | Reached skill level 9 in Stealth
  3965 | D:4      | Reached XP level 6. HP: 46/46 MP: 6/6
  4069 | D:4      | Reached * piety under Makhleb
  4105 | D:4      | Slain by an iguana

Skill      XL: |  1  2  3  4  5  6 |
---------------+-------------------+-----
Stealth        | 6 7 8 9 |  9.1
Fighting       | 2 |  2.5
Short Blades   | 3 4 |  4.0
Dodging        | 3 |  3.6
Throwing       | |  1.7

Action                   |  1- 3 |  4- 6 || total
-------------------------+-------+-------++-------
Melee: Dagger            |    80 |   252 ||   332
       Bite              |     5 |    26 ||    31
  Use: Potion            |       |     7 ||     7
       Scroll            |       |     4 ||     4
 Stab: Sleeping          |    16 |    12 ||    28
  Eat: Corpse            |       |     4 ||     4
Armor: Robe              |    21 |    37 ||    58
       Leather armour    |       |    17 ||    17
Dodge: Dodged            |    40 |   153 ||   193
